 Dungeon Crawl Stone Soup version 0.17-a0-2118-g63bad21 (webtiles) character file.

61 Sfluor the Skirmisher (level 3, -8/33 HPs)
             Began as a Draconian Berserker on Oct 20, 2015.
             Was an Initiate of the Shining One.
             Killed by nerve-wracking pain
             ... invoked by Grinder
              (12 damage)
             ... on level 3 of the Dungeon.
             The game lasted 00:15:52 (1670 turns).

Sfluor the Skirmisher (Draconian Berserker)         Turns: 1670, Time: 00:15:53

Health: -8/33      AC:  5    Str: 20    XL:     3   Next: 83%
Magic:  3/3        EV: 13    Int:  7    God:    the Shining One [......]
Gold:   126        SH:  0    Dex: 10    Spells: 0 memorised, 2 levels left

rFire  . . .     SeeInvis .     a - +0 falchion
rCold  . . .     Clarity  .     (armour unavailable)
rNeg   . . .     SustAt   .     (no shield)
rPois  .         Gourm    .     (helmet restricted)
rElec  .         Spirit   .     (no cloak)
rCorr  .         Warding  .     (no gloves)
rMut   .         Stasis   .     (no boots)
MR     .....                    (no amulet)
Stlth  +.........               (no ring)
                                (no ring)

@: not resistant to hostile enchantments, very unstealthy
A: unfitting armour, cold-blooded, AC +5
a: Renounce Religion


You were on level 3 of the Dungeon.
You worshipped the Shining One.
The Shining One was noncommittal.
You were not hungry.

You visited 1 branch of the dungeon, and saw 3 of its levels.

You collected 126 gold pieces.

Inventory:

Hand Weapons
 a - a +0 falchion (weapon)
 b - a +0 falchion
 c - a +0 club
 g - a +0 club
 i - a +0 club
 k - a +0 dagger
 q - a +0 short sword
 u - a +0 club
 v - a +0 hunting sling
 x - a +0 short sword
Missiles
 o - 35 bolts
 A - 7 curare-tipped needles
Armour
 d - a +0 ring mail of magic resistance
 e - a +0 ring mail
 f - a +3 ring mail of cold resistance
 j - a +0 pair of gloves
 m - a +0 leather armour
 p - a +0 chain mail
 r - a +0 chain mail
 w - a +0 buckler
 z - a +0 leather armour
Scrolls
 l - a scroll of identify {unknown}
 s - 4 scrolls of remove curse {unknown}
 y - 2 scrolls of teleportation {unknown}
 D - a scroll of recharging {unknown}
Potions
 B - a potion of agility {unknown}
Comestibles
 h - a beef jerky
 n - 3 fruits
 t - a meat ration
 C - a bread ration


   Skills:
 + Level 3.9 Fighting
 + Level 3.3 Long Blades
 + Level 3.7 Dodging


You had 2 spell levels left.
You didn't know any spells.

Dungeon Overview and Level Annotations

Branches:
Dungeon (3/15)

Altars:
Makhleb
The Shining One

Annotations:
D:3 Grinder


Innate Abilities, Weirdness & Mutations

Your plain brown scales are hard (AC +5).
Your body does not fit into most forms of armour.
You are cold-blooded and may be slowed by cold attacks.


Message History

Grinder is lightly wounded.
Grinder gestures at you.
You suddenly lose the ability to move!
Grinder gestures.
Grinder blinks!
Grinder gestures at you.
You shrug off the repeated paralysis!
Grinder hits you!
You writhe in agony.
* * * LOW HITPOINT WARNING * * *
Grinder gestures at you. Pain shoots through your body!
* * * LOW HITPOINT WARNING * * *
You can move again.
You hit Grinder.
Your tail-slap misses Grinder.
Grinder is lightly wounded.
Grinder gestures.
Grinder blinks!
Grinder gestures at you. Pain shoots through your body!
You die...

#..#.##.....########.#
#..#.#......'.....5.(#
#..#.#......##########
##..#.#......# #.....#
#...#.#......# #.###5#
#..##.#......####.# #.#
#..##.#...........# #.#
#..##.#.#############.#
##†..#.#....5...@......#
#..............#########
#....####.####.#
#....##.....##.##
#....#.......#..#
#....#.......#..#
#........_......######
#....#.......#.......#
#.##.#.......#..####.#


You could see Grinder.

Vanquished Creatures
  An adder (D:2)
  A worm (D:2)
  2 giant geckos (D:1)
  6 bats
  3 giant cockroaches
  4 goblins (D:2)
  6 hobgoblins
  2 quokkas
  A giant newt (D:2)
  7 jackals (D:1)
  5 kobolds
  4 rats
42 creatures vanquished.

Notes
Turn   | Place    | Note
--------------------------------------------------------------
     0 | D:1      | Sfluor the Draconian Berserker began the quest for the Orb.
     0 | D:1      | Reached XP level 1. HP: 19/19 MP: 1/1
    84 | D:1      | Reached XP level 2. HP: 9/26 MP: 2/2
   506 | D:1      | Reached ** piety under Trog
   591 | D:1      | Reached XP level 3. HP: 29/33 MP: 3/3
  1259 | D:2      | Found a faded altar to an unknown god.
  1279 | D:2      | Fell from the grace of Trog
  1279 | D:2      | Became a worshipper of Makhleb the Destroyer
  1279 | D:2      | Reached * piety under Makhleb
  1455 | D:3      | Found a glowing golden altar of the Shining One.
  1464 | D:3      | Fell from the grace of Makhleb
  1464 | D:3      | Became a worshipper of the Shining One
  1604 | D:3      | Noticed Grinder
  1609 | D:3      | Paralysed by Grinder for 3 turns
  1662 | D:3      | Paralysed by Grinder for 7 turns
  1670 | D:3      | Killed from afar by Grinder

Vault maps used:
D:1:      co_arrival_square_in_a_square_in_a_square
D:2:      ecumenical_altar_1
D:3:      lemuel_upstairs_altar, old_standard_altar, old_standard_altar,
          uniq_terence, uniq_grinder, uniq_iyjb, uniq_jessica, uniq_natasha

Action                   || total
-------------------------++-------
Melee: Falchion          ||   142
  Eat: Bread ration      ||     1
